Map: Neon Violet Square LE

Players

MidOrFeed - Winner!

  • Race: Terran Terran
  • League: Master
  • Spawn Location: 5:00

Vut

  • Race: Terran Terran
  • League: Master
  • Spawn Location: 11:00

VOD

Have the link to the VOD?

Description

Time

  • Played on: March 4, 2018, 11:12 p.m.
  • Length: 12:38
Show
View Real Time Build Order
Export as new Build Order

MidOrFeed Terran - Winner!

Build Orders: 1/1/1, Cyclone Opening, MMM Bio 

Get SALT Encoding   

  12  0:00  SCV  
  13  0:13  SCV  
  14  0:17  Supply Depot  
  14  0:25  SCV  
  15  0:31  Refinery  
  15  0:39  SCV  
  16  0:46  Barracks  
  16  0:51  SCV  
  17  0:57  Refinery  
  17  1:03  SCV  
  18  1:15  SCV  
  19  1:32  Orbital Command  
  19  1:33  Reaper  
  19  1:37  Factory  
  20  1:48  Supply Depot  
  20  1:50  Supply Depot  
  20  1:58  SCV  
  21  2:10  SCV  
  21  2:13  Reaper  
  23  2:22  SCV  
  24  2:27  Starport  
  24  2:28  Cyclone  
  27  2:34  SCV  
  28  2:47  Barracks Tech Lab  
  28  2:48  SCV, Supply Depot  
  28  3:00  Cyclone  
  31  3:09  SCV  
  31  3:12  Medivac  
  34  3:21  SCV  
  35  3:29  Command Center  
  35  3:31  Supply Depot  
  34  3:35  Liberator  
  34  3:38  SCV  
  34  3:40  Cyclone  
  38  3:54  SCV  
  42  4:02  Supply Depot  
  42  4:03  Barracks Reactor  
  42  4:06  SCV  
  43  4:18  SCV  
  42  4:36  SCV  
  42  4:38  Liberator  
  37  4:41  Marine x2  
  37  4:42  Orbital Command  
  37  4:45  Bunker  
  39  4:52  Siege Tank  
  42  4:56  SCV  
  46  5:00  Marine x2  
  48  5:08  SCV  
  48  5:11  SCV  
  50  5:18  Marine x2  
  50  5:20  SCV  
  53  5:23  SCV  
  54  5:33  SCV  
  54  5:35  Command Center  
  55  5:36  SCV  
  56  5:45  SCV  
  56  5:46  Starport Reactor, Barracks  
  56  5:48  SCV  
  58  5:51  Barracks, Factory Tech Lab  
  58  5:52  Refinery  
  58  5:53  Refinery  
  59  5:57  SCV  
  59  5:59  Engineering Bay  
  59  6:00  SCV  
  59  6:01  Engineering Bay, Supply Depot  
  60  6:07  Marine  
  60  6:08  Stimpack  
  60  6:09  SCV  
  62  6:12  SCV  
  66  6:18  Siege Tank  
  66  6:21  SCV  
  66  6:24  SCV  
  68  6:28  Marine  
  69  6:33  SCV, Supply Depot  
  69  6:34  Terran Infantry Weapons Level 1, Terran Infantry Armor Level 1  
  69  6:36  SCV  
  71  6:40  Starport Reactor  
  71  6:41  Marine x2  
  71  6:46  SCV  
  74  6:48  Orbital Command, SCV  
  74  6:52  Marine x3  
  74  6:53  Siege Tank  
  81  7:03  Marine x2  
  81  7:06  SCV  
  81  7:08  SCV, Barracks  
  85  7:09  Barracks, Supply Depot  
  85  7:18  SCV  
  85  7:21  Orbital Command  
  85  7:22  SCV  
  87  7:27  Refinery  
  87  7:30  SCV  
  85  7:37  Marine x5  
  85  7:38  Medivac x2  
  85  7:41  SCV  
  85  7:43  SCV  
  96  7:50  SCV  
  94  7:53  SCV  
  94  7:57  SCV  
  96  8:03  Supply Depot  
  96  8:05  Barracks Tech Lab x2  
  96  8:06  Supply Depot  
  96  8:08  SCV x2  
  96  8:11  Barracks  
  98  8:13  SCV, Armory  
  98  8:14  Barracks  
  98  8:16  Barracks  
  98  8:17  Supply Depot x2  
  98  8:18  Marine x4  
  98  8:19  Marauder  
  105  8:20  SCV  
  105  8:22  Combat Shields  
  105  8:25  Marauder  
  108  8:27  Marauder  
  108  8:29  SCV x2  
  112  8:37  Supply Depot  
  112  8:39  Supply Depot  
  112  8:40  SCV  
  113  8:41  SCV  
  113  8:48  Marine, Marauder x2  
  119  8:49  Supply Depot  
  119  8:50  Marauder  
  119  8:53  Medivac x2  
  125  8:56  Marine x2  
  125  8:57  Concussive Shells  
  125  9:00  Command Center  
  127  9:03  Barracks Reactor, Barracks Tech Lab  
  127  9:04  Barracks Tech Lab  
  127  9:09  Marauder x2  
  131  9:11  Marine x2  
  131  9:15  SCV x3, Refinery  
  137  9:23  Supply Depot x2  
  137  9:24  Terran Infantry Armor Level 2, Terran Infantry Weapons Level 2  
  137  9:29  Marine x2  
  137  9:31  Marauder x3  
  139  9:32  Marauder x2  
  147  9:38  Marine x3  
  147  9:39  Marine  
  147  9:40  Medivac x2  
  152  9:47  Marine  
  153  9:54  Marauder  
  153  9:55  Marauder x4  
  163  10:11  Refinery  
  163  10:13  Marine x5  
  168  10:14  Command Center  
  168  10:16  Terran Ship Weapons Level 1  
  168  10:19  Supply Depot  
  153  10:46  Marine x4, Marauder x5  
  161  10:54  Orbital Command, Refinery  
  161  10:58  Starport  
  161  11:00  Starport  
  161  11:01  Starport  
  161  11:03  Starport  
  160  11:25  Marine x5, Marauder x2  
  162  11:26  Marine, Marauder x3  
  170  11:37  Medivac x2  
  164  11:43  Marine  
  164  11:45  Marine  
  164  11:46  Marauder  
  164  11:47  Marauder x3  
  159  11:48  Marauder  
  159  11:52  Marine x4  
  134  12:08  Marauder x2  
  131  12:09  Marauder  
  131  12:10  Sensor Tower  
  131  12:11  Marine x4, Marauder x2  
  131  12:13  Sensor Tower, Refinery  
Show
View Real Time Build Order
Export as new Build Order

Vut Terran 

Build Orders: Reaper Expand, Mech 

Get SALT Encoding   

  12  0:01  SCV  
  13  0:13  SCV  
  14  0:18  Supply Depot  
  14  0:25  SCV  
  15  0:30  Refinery  
  15  0:39  SCV  
  16  0:45  Barracks  
  16  0:52  SCV  
  17  1:04  SCV  
  18  1:16  SCV  
  19  1:32  Reaper, Orbital Command  
  20  1:47  Command Center  
  20  1:58  Factory  
  20  2:02  SCV  
  20  2:07  Barracks Reactor  
  21  2:14  SCV  
  22  2:17  Supply Depot  
  22  2:22  Refinery  
  22  2:26  SCV  
  23  2:39  SCV  
  23  2:51  SCV  
  24  3:00  Hellion  
  24  3:01  Hellion  
  24  3:03  SCV  
  29  3:15  SCV  
  29  3:16  Orbital Command  
  30  3:22  Cyclone x2  
  35  3:30  SCV  
  35  3:33  Supply Depot  
  36  3:42  SCV x2  
  38  3:54  SCV x2, Cyclone  
  46  3:55  Supply Depot  
  46  3:59  Cyclone  
  46  4:08  SCV x2  
  37  4:31  Cyclone  
  37  4:33  SCV x2  
  39  4:39  Barracks Reactor  
  39  4:46  SCV  
  39  4:47  SCV  
  41  4:55  Factory  
  41  4:57  Command Center, Refinery x2  
  41  4:59  SCV x2  
  43  5:11  SCV x2  
  44  5:23  SCV x2  
  46  5:35  SCV x2  
  48  5:45  Hellion x2, Factory Tech Lab  
  48  5:47  SCV x2, Barracks Reactor  
  54  5:50  Starport  
  54  5:59  SCV x2, Supply Depot  
  56  6:04  Siege Tank  
  56  6:06  Hellion  
  56  6:09  Hellion  
  63  6:11  SCV x2  
  63  6:17  Orbital Command  
  63  6:18  Factory  
  65  6:19  Factory  
  65  6:23  SCV  
  64  6:27  Factory  
  64  6:29  SCV  
  64  6:35  SCV  
  63  6:47  Viking x2  
  67  6:56  Siege Tank  
  67  6:57  Hellion x2  
  67  7:01  SCV x2  
  76  7:04  Factory Reactor, Factory Tech Lab  
  76  7:14  SCV x2, Armory  
  76  7:15  SCV, Armory  
  79  7:16  Engineering Bay  
  79  7:18  Factory Tech Lab  
  78  7:40  Siege Tank  
  81  7:46  Siege Tank  
  84  7:55  SCV  
  85  8:02  Missile Turret  
  85  8:05  Missile Turret  
  85  8:08  Missile Turret x2  
  85  8:13  Sensor Tower  
  85  8:15  Viking, Supply Depot  
  85  8:16  Hellion, SCV, Siege Tank, Supply Depot  
  85  8:18  Terran Vehicle Weapons Level 1, Terran Vehicle And Ship Armor Level 1  
  93  8:25  Refinery  
  93  8:27  Refinery  
  93  8:34  Sensor Tower  
  93  8:37  Hellion, SCV x3, Viking  
  100  8:41  Missile Turret  
  100  8:43  Siege Tank  
  100  8:45  Hellion  
  105  8:49  SCV x3  
  108  9:01  SCV  
  108  9:02  Supply Depot  
  109  9:03  Supply Depot  
  109  9:07  Infernal Pre-Igniter  
  109  9:21  Supply Depot  
  109  9:23  SCV, Siege Tank  
  109  9:24  Hellion, SCV x2  
  117  9:25  Siege Tank, Supply Depot  
  117  9:29  Supply Depot  
  120  9:36  SCV, Siege Tank  
  120  9:37  Hellion  
  124  9:40  Missile Turret  
  124  9:42  Hellion, Missile Turret  
  126  9:46  Viking x2  
  126  9:48  Hellion  
  132  9:56  Siege Tank  
  132  9:57  Siege Tank  
  132  9:59  Hellion x2  
  142  10:02  Supply Depot  
  142  10:04  Hellion  
  142  10:06  Supply Depot  
  144  10:08  Siege Tank  
  147  10:16  Viking  
  149  10:23  Viking  
  145  10:35  Hellion, Siege Tank x2  
  138  10:38  SCV  
  138  10:39  SCV x2  
  130  10:50  SCV  
  130  10:51  SCV x2  
  130  10:52  Siege Tank  
  136  11:03  SCV x2  
  138  11:07  Siege Tank  
  138  11:10  Missile Turret  
  141  11:12  SCV, Missile Turret  
  141  11:13  Missile Turret  
  141  11:15  SCV x2  
  144  11:25  Siege Tank  
  126  11:26  Hellion  
  126  11:27  SCV  
  119  11:44  Siege Tank x2  
  113  11:53  SCV x2  
  87  11:57  Siege Tank  
  90  12:03  Orbital Command  
  90  12:05  SCV  
  90  12:07  SCV  
  92  12:17  SCV  
  92  12:19  SCV  
Tags
 
Add a new tag
Caveats
  • Supply blocks, unpowered buildings, or Contaminate may cause inaccurate times.
  • Supply counts are checked every 10 seconds.